AoeStats
← Dieguin

Arabia

503237630Analyzed
1v1 RM · 1mo ago on Aug 30, 2026· 67m 9s· 2 players
Game mode
Random Map
Map size
Tiny (2 player)
Population
200
Speed
Normal
Resources
Standard
Victory
Conquest
Starting age
Dark Age
Ending age
Imperial Age
RankedLock teamsTeams togetherTeam positionsShared explorationLock speedFull tech treeHidden civsTurbo modeCheats
Victory
Defeat
🇨🇳 Mongols · China
869
+16
🇨🇴 Cumans · Colombia
863
-16
Dieguin
6:46 Loom
10:16 Feudal Age
11:45 Double-Bit Axe
17:44 Fletching
23:20 Padded Archer Armor
28:20 Castle Age
26:57 Bloodlines
28:36 Crossbowman
29:47 Pikeman
31:47 Capped Ram
33:49 Horse Collar
35:28 Ballistics
42:21 Imperial Age
40:30 Wheelbarrow
40:31 Thumb Ring
41:05 Leather Archer Armor
46:40 Scale Barding Armor
46:45 Elite Skirmisher
47:41 Cavalier
50:53 Forging
55:58 Hand Cart
58:39 Ring Archer Armor
58:29 Chain Barding Armor
59:22 Chemistry
58:54 Halberdier
1277765061
10:11 Feudal Age
10:58 Double-Bit Axe
12:51 Horse Collar
14:48 Man-at-Arms
15:28 Man-at-Arms
19:10 Loom
25:08 Castle Age
24:27 Scale Barding Armor
26:10 Husbandry
27:00 Bow Saw
27:12 Gold Mining
28:02 Forging
28:07 Bloodlines
29:13 Gold Shaft Mining
28:51 Heavy Plow
32:17 Wheelbarrow
32:49 Fletching
33:00 Padded Archer Armor
35:34 Elite Skirmisher
36:05 Light Cavalry
37:35 Bodkin Arrow
37:55 Leather Archer Armor
44:47 Nomads
45:16 Chain Barding Armor
45:32 Iron Casting
50:23 Imperial Age
48:14 Hand Cart
51:26 Heavy Scorpion
54:54 Hussar
59:02 Capped Ram
Connection lost

Rejoining the realm…

Still unreachable

The connection could not be restored.

Session expired

The server has moved on; the page needs a fresh start.